Map: Tropic Shores

Players

Infamous

  • Race: Protoss Protoss
  • League: Gold
  • Spawn Location: 11:00

PaulMaudDib

  • Race: Terran Terran
  • Spawn Location: 12:00

whispers

  • Race: Terran Terran
  • Spawn Location: 12:00

Acolite

  • Race: Protoss Protoss
  • Spawn Location: 0:00

Rexona

  • Race: Protoss Protoss
  • Spawn Location: 5:00

Hercules

  • Race: Protoss Protoss
  • League: Silver
  • Spawn Location: 5:00

Flagg

  • Race: Protoss Protoss
  • League: Silver
  • Spawn Location: 6:00

occulum

  • Race: Protoss Protoss
  • Spawn Location: 6:00

VOD

Have the link to the VOD?

Description

Time

  • Played on: April 16, 2018, 11:11 a.m.
  • Length: 14:08
Show
View Real Time Build Order
Export as new Build Order

Infamous Protoss 

Build Orders:  

Get SALT Encoding   

  12  0:02  Probe  
  13  0:17  Pylon  
  13  0:18  Probe  
  14  0:30  Probe (Chrono Boost)  
  15  0:38  Gateway  
  15  0:40  Probe (Chrono Boost)  
  16  0:48  Probe  
  17  0:54  Assimilator  
  17  1:00  Probe  
  18  1:17  Probe  
  19  1:21  Gateway  
  19  1:27  Cybernetics Core  
  19  1:29  Probe (Chrono Boost)  
  20  1:33  Assimilator  
  20  1:36  Pylon  
  20  1:38  Probe (Chrono Boost)  
  21  1:47  Zealot  
  23  2:04  Robotics Facility  
  23  2:15  Probe, Stalker (Chrono Boost)  
  26  2:25  Warp Gate  
  28  2:31  Zealot (Chrono Boost)  
  28  2:37  Zealot  
  30  3:11  Pylon  
  30  3:12  Robotics Bay  
  30  3:24  Probe  
  31  3:28  Stalker (Chrono Boost)  
  31  3:29  Warp Prism  
  31  3:32  Pylon  
  35  3:35  Stalker  
  39  4:03  Sentry  
  39  4:15  Disruptor (Chrono Boost)  
  42  4:29  Gateway  
  42  4:31  Gateway  
  42  4:38  Gateway  
  42  4:41  Probe  
  43  4:47  Twilight Council  
  43  5:17  Nexus  
  43  5:18  Pylon  
  43  5:20  Pylon  
  43  5:39  Disruptor  
  46  5:45  Pylon  
  46  5:50  Forge  
  41  6:45  Templar Archives  
  42  6:54  Probe x2  
  42  6:59  Photon Cannon  
  42  7:01  Photon Cannon  
  43  7:03  Photon Cannon  
  43  7:05  Photon Cannon  
  43  7:06  Probe x2  
  42  7:08  Pylon  
  42  7:13  Photon Cannon  
  42  7:18  Probe x2  
  40  7:27  Protoss Ground Weapons Level 1  
  30  7:30  Probe  
  30  7:31  High Templar  
  30  7:32  High Templar x2  
  37  7:55  Probe (Chrono Boost)  
  39  7:59  Probe (Chrono Boost)  
  39  8:04  High Templar x4  
  48  8:07  Probe (Chrono Boost)  
  48  8:24  Assimilator  
  48  8:26  Psionic Storm  
  48  8:28  Photon Cannon  
  48  8:29  Photon Cannon  
  48  8:31  Photon Cannon  
  48  8:34  Photon Cannon  
  48  8:36  Pylon  
  48  8:40  Probe  
  49  8:48  Probe  
  49  8:52  Assimilator  
  50  8:56  High Templar  
  52  9:04  Zealot x2  
  52  9:05  Zealot x2  
  52  9:09  Charge (Chrono Boost)  
  60  9:25  Protoss Ground Armor Level 1 (Chrono Boost)  
  59  10:12  High Templar x4  
  65  10:43  High Templar  
  67  11:02  Pylon  
  67  11:06  Pylon  
  67  11:10  Pylon  
  67  11:12  Pylon  
  67  11:15  Pylon  
  67  11:17  High Templar x2  
  71  11:20  Gateway  
  71  11:24  Gateway x2  
  59  11:50  High Templar x2  
  59  11:51  High Templar  
  65  12:25  Archon x4  
  65  12:26  Archon  
  65  12:27  Archon  
  65  12:28  High Templar x2  
  24  13:07  High Templar  
  24  13:08  High Templar x2  
Show
View Real Time Build Order
Export as new Build Order

PaulMaudDib Terran 

Build Orders: Mech 

Get SALT Encoding   

  12  0:04  SCV  
  13  0:21  Supply Depot  
  13  0:35  SCV  
  14  0:47  SCV  
  14  0:49  Barracks  
  15  0:55  Refinery  
  15  0:59  SCV, Engineering Bay  
  16  1:11  SCV  
  17  1:23  SCV  
  18  1:34  Barracks  
  18  1:42  Refinery  
  18  1:48  Missile Turret  
  18  1:50  SCV  
  19  2:06  Barracks Reactor  
  19  2:08  Bunker  
  19  2:42  Command Center  
  19  2:50  Marine x2  
  21  2:56  Barracks Reactor  
  21  3:00  Supply Depot  
  21  3:14  Missile Turret  
  21  3:37  Marine x2  
  21  3:39  Barracks  
  23  4:09  Marine x3  
  25  4:10  Marine  
  27  4:23  Terran Infantry Weapons Level 1  
  27  4:25  Factory  
  27  4:36  Supply Depot  
  27  4:40  SCV  
  28  4:57  Barracks Reactor  
  28  4:59  Marine  
  28  5:00  Marine x3  
  32  5:10  Supply Depot  
  32  5:13  Factory Tech Lab  
  32  5:40  Siege Tank  
  35  5:48  SCV  
  36  6:08  Factory  
  36  6:10  Factory  
  36  6:54  Factory Tech Lab  
  36  6:59  Armory  
  36  7:07  Command Center  
  36  7:15  Factory Reactor  
Show
View Real Time Build Order
Export as new Build Order

whispers Terran 

Build Orders:  

Get SALT Encoding   

  12  0:03  SCV  
  13  0:15  SCV  
  14  0:27  SCV  
  15  0:38  Supply Depot  
  15  0:59  SCV  
  15  1:03  Barracks  
  16  1:11  SCV  
  17  1:24  SCV  
  18  1:36  SCV  
  19  1:42  Command Center  
  19  1:48  SCV  
  19  1:50  Marine  
  21  1:57  Refinery  
  21  1:59  Refinery  
  21  2:00  Orbital Command  
  21  2:08  Marine  
  22  2:25  Marine  
  23  2:54  Marine, SCV  
  24  3:06  SCV  
  24  3:10  Supply Depot x2  
  24  3:11  Marine, Supply Depot  
  26  3:18  SCV  
  27  3:23  Orbital Command  
  27  3:29  Marine  
  27  3:30  SCV  
  29  3:38  Supply Depot  
  29  3:42  SCV  
  29  3:45  Factory  
  29  3:47  Marine  
  31  4:05  Marine  
  31  4:06  SCV  
  33  4:18  SCV  
  33  4:22  Engineering Bay  
  33  4:23  Marine  
  35  4:30  SCV  
  35  4:31  Factory Tech Lab  
  36  4:38  Starport, SCV  
  37  4:42  SCV  
  38  4:47  Armory  
  38  4:50  SCV  
  39  4:55  SCV  
  40  5:02  SCV  
  41  5:12  Refinery  
  41  5:13  Missile Turret  
  41  5:14  SCV  
  41  5:19  Missile Turret  
  41  5:20  Starport Reactor  
  42  5:26  SCV  
  42  5:27  Siege Tank  
  46  5:30  Terran Infantry Weapons Level 1  
  46  5:40  SCV  
  46  5:41  Barracks  
  47  5:44  Barracks  
  47  5:46  Barracks  
  47  5:53  SCV  
  48  5:59  Siege Tank  
  51  6:05  SCV  
  52  6:15  Medivac x2  
  56  6:31  Siege Tank  
  56  6:32  SCV  
  60  6:33  Refinery  
  60  6:40  Supply Depot  
  60  6:44  SCV  
  60  6:46  Barracks Tech Lab  
  61  6:47  Barracks Reactor  
  61  6:48  Barracks Tech Lab  
  61  6:54  Barracks Reactor  
  61  6:56  SCV  
  62  7:03  Supply Depot  
  62  7:08  SCV  
  63  7:21  SCV  
  64  7:26  Supply Depot  
  59  7:40  Terran Ship Weapons Level 1  
  59  7:41  Viking x2  
  59  7:43  Marine x6  
  66  7:49  Supply Depot  
  66  7:50  Combat Shields  
  66  7:53  Stimpack  
  66  8:00  Marine  
  66  8:01  Marine x5  
  66  8:02  Terran Infantry Weapons Level 2  
  72  8:11  Supply Depot, Missile Turret, Viking x2  
  76  8:15  Engineering Bay  
  76  8:17  Missile Turret  
  76  8:18  Marine  
  76  8:19  Marine x5  
  82  8:34  Supply Depot  
  82  8:36  Marine x5  
  82  8:37  Marine  
  88  8:41  Viking x2  
  92  8:54  Marine x6, Terran Infantry Armor Level 1  
  98  9:04  Cyclone  
  101  9:11  Viking x2  
  101  9:12  Marine x6  
  111  9:26  Concussive Shells  
  111  9:30  Marine x6  
  117  9:42  Medivac x2  
  118  10:12  Marine  
  118  10:18  Marine  
  114  10:31  Marauder  
  114  10:37  Marauder  
  116  10:45  Marine  
  116  10:46  Marine  
  116  10:48  Hi-Sec Auto Tracking  
  118  11:12  Marine x2, Marauder  
  118  11:13  Marine x2  
  118  11:14  Marauder  
  90  11:30  Marine x2  
  90  11:31  Marine x2  
  90  11:32  Viking x2  
  80  11:34  Marauder  
  80  11:35  Marauder  
  84  11:46  Supply Depot  
  84  11:48  Marine x2  
  84  11:49  Marine x2  
  88  11:55  Marauder  
  88  11:56  Command Center  
  88  11:57  Marauder  
  92  12:02  Viking x2  
  92  12:05  Marine  
  92  12:07  Marine  
  98  12:09  Supply Depot  
  98  12:16  Starport, Marauder  
  98  12:18  Marauder  
  102  12:31  Supply Depot  
  102  12:32  Viking x2  
  106  12:54  Supply Depot  
  106  13:02  Viking x2  
  77  13:17  Supply Depot  
  52  13:25  Marine x2  
  48  13:28  Marine  
  48  13:32  Viking x2  
  54  13:43  Marine x2  
Show
View Real Time Build Order
Export as new Build Order

Acolite Protoss 

Build Orders:  

Get SALT Encoding   

  12  0:01  Probe  
  13  0:13  Probe  
  14  0:25  Probe  
  14  0:27  Pylon  
  15  0:45  Probe  
  16  1:06  Nexus  
  16  1:13  Probe  
  16  1:16  Assimilator  
  18  1:25  Probe  
  18  1:31  Gateway  
  18  1:37  Probe  
  18  1:39  Pylon  
  19  1:43  Assimilator  
  19  1:49  Probe  
  20  1:56  Forge  
  20  2:02  Probe  
  21  2:14  Probe  
  22  2:21  Probe  
  23  2:26  Probe  
  24  2:32  Photon Cannon  
  24  2:37  Probe  
  25  2:52  Probe x2  
  27  3:04  Probe x2  
  29  3:06  Cybernetics Core  
  29  3:13  Pylon  
  29  3:16  Probe x2  
  29  3:18  Assimilator  
  31  3:22  Pylon  
  31  3:25  Pylon  
  31  3:28  Probe x2  
  33  3:34  Protoss Shields Level 1  
  33  3:40  Probe x2  
  35  3:52  Probe, Stargate  
  35  3:55  Stargate  
  36  4:05  Stargate  
  36  4:08  Probe  
  36  4:09  Probe  
  38  4:13  Protoss Air Weapons Level 1  
  38  4:27  Assimilator  
  38  4:30  Photon Cannon  
  38  4:33  Photon Cannon  
  38  4:37  Probe  
  38  4:38  Probe  
  40  4:45  Phoenix  
  42  4:46  Phoenix  
  42  4:49  Probe  
  42  4:50  Probe  
  46  4:54  Phoenix  
  48  5:02  Probe x2  
  50  5:10  Phoenix  
  52  5:19  Phoenix  
  54  5:27  Phoenix  
  56  5:37  Phoenix  
  58  5:49  Phoenix  
  60  6:01  Phoenix  
  62  6:14  Phoenix  
  62  6:18  Void Ray  
  68  6:58  Fleet Beacon  
  68  7:02  Stargate  
  68  7:07  Twilight Council  
  68  7:14  Nexus  
  68  7:16  Pylon  
  68  7:19  Assimilator  
  52  7:23  Assimilator  
  52  7:27  Pylon  
  52  7:28  Void Ray (Chrono Boost)  
  52  7:31  Void Ray (Chrono Boost)  
  52  7:42  Probe x2, Void Ray (Chrono Boost)  
  54  7:45  Void Ray (Chrono Boost)  
  62  7:54  Probe x2  
  64  8:04  Void Ray x2 (Chrono Boost)  
  68  8:06  Probe  
  68  8:07  Probe  
  74  8:13  Photon Cannon  
  74  8:15  Photon Cannon  
  74  8:17  Photon Cannon  
  74  8:20  Photon Cannon, Void Ray  
  74  8:22  Void Ray  
  74  8:23  Shield Battery  
  74  8:26  Shield Battery  
  81  8:30  Probe  
  81  8:42  Probe  
  81  8:48  Void Ray (Chrono Boost)  
  89  8:49  Void Ray (Chrono Boost)  
  88  9:00  Void Ray (Chrono Boost)  
  88  9:03  Void Ray (Chrono Boost)  
  88  9:04  Probe  
  88  9:06  Protoss Air Weapons Level 2  
  97  9:16  Probe  
  98  9:28  Probe  
  99  9:40  Pylon, Probe  
  99  9:41  Pylon  
  99  9:42  Pylon  
  100  9:45  Pylon  
  100  9:46  Pylon  
  100  9:47  Pylon  
  100  9:49  Pylon  
  100  9:50  Pylon  
  100  9:53  Probe  
  100  9:58  Void Ray x2  
  100  9:59  Void Ray x2  
  117  10:40  Void Ray x2  
  125  10:49  Protoss Shields Level 2 (Chrono Boost)  
  125  10:55  Void Ray  
  125  10:56  Void Ray  
  121  11:10  Protoss Air Armor Level 1  
  109  11:23  Void Ray x2  
  93  11:33  Probe (Chrono Boost)  
  93  11:38  Void Ray  
  93  11:39  Void Ray  
  102  11:43  Probe (Chrono Boost)  
  103  11:48  Probe (Chrono Boost)  
  96  11:59  Probe  
  85  12:06  Void Ray x2  
  81  12:12  Probe  
  82  12:21  Void Ray x2  
  90  12:23  Stargate  
  90  12:26  Stargate  
  89  12:49  Void Ray x2  
Show
View Real Time Build Order
Export as new Build Order

Rexona Protoss 

Build Orders:  

Get SALT Encoding   

  12  0:05  Probe  
  13  0:25  Pylon  
  13  0:27  Probe (Chrono Boost)  
  14  0:37  Probe (Chrono Boost)  
  14  0:42  Probe (Chrono Boost)  
  16  1:17  Nexus  
  16  1:26  Probe (Chrono Boost)  
  16  1:27  Forge  
  17  1:36  Assimilator  
  17  1:37  Probe (Chrono Boost)  
  18  1:41  Probe (Chrono Boost)  
  19  1:48  Pylon  
  19  1:53  Probe  
  20  1:55  Gateway  
  20  2:04  Assimilator  
  20  2:05  Probe  
  21  2:17  Probe (Chrono Boost)  
  21  2:21  Photon Cannon  
  22  2:29  Probe (Chrono Boost)  
  23  2:35  Probe (Chrono Boost)  
  25  2:46  Probe (Chrono Boost)  
  25  2:48  Probe (Chrono Boost)  
  27  2:59  Probe (Chrono Boost)  
  27  3:03  Probe (Chrono Boost)  
  28  3:11  Cybernetics Core  
  28  3:15  Probe  
  29  3:24  Photon Cannon  
  29  3:27  Probe  
  30  3:35  Assimilator  
  30  3:39  Probe  
  31  3:43  Assimilator  
  31  3:51  Probe  
  31  3:53  Pylon  
  32  3:56  Pylon  
  32  4:03  Probe  
  33  4:10  Pylon  
  33  4:15  Probe  
  34  4:17  Protoss Shields Level 1, Stargate  
  34  4:19  Protoss Air Weapons Level 1  
  34  4:27  Probe  
  34  4:31  Stargate  
  35  4:42  Probe (Chrono Boost)  
  36  4:52  Stargate  
  37  4:53  Probe (Chrono Boost)  
  37  4:57  Probe (Chrono Boost)  
  38  5:04  Pylon  
  38  5:09  Probe  
  39  5:17  Twilight Council  
  39  5:21  Probe  
  40  5:39  Robotics Facility  
  40  5:40  Void Ray x2  
  48  5:51  Void Ray  
  52  6:13  Protoss Air Armor Level 1  
  52  6:19  Fleet Beacon  
  51  6:50  Void Ray  
  51  6:51  Void Ray  
  51  6:52  Void Ray  
  63  6:59  Photon Cannon  
  63  7:03  Photon Cannon  
  63  7:57  Carrier x2  
  75  8:00  Protoss Shields Level 2  
  75  8:07  Warp Gate  
  75  8:43  Pylon  
  75  8:46  Pylon, Nexus  
  75  8:49  Pylon  
  75  8:50  Pylon  
  75  8:53  Pylon  
  75  8:55  Pylon  
  75  9:01  Void Ray  
  79  9:04  Pylon  
  79  9:07  Pylon  
  79  9:11  Pylon  
  79  9:14  Pylon  
  79  9:20  Pylon  
  79  9:21  Assimilator  
  79  9:27  Assimilator  
  79  9:30  Photon Cannon  
  79  9:33  Photon Cannon  
  79  9:35  Photon Cannon  
  79  9:39  Photon Cannon  
  79  9:41  Photon Cannon  
  79  9:42  Pylon  
  79  9:43  Void Ray  
  83  9:46  Shield Battery  
  83  9:49  Shield Battery  
  83  9:52  Photon Cannon  
  83  10:15  Void Ray x2  
  91  10:25  Protoss Air Weapons Level 2  
  59  11:05  Void Ray  
  63  11:48  Void Ray  
  67  12:15  Carrier  
  67  12:16  Carrier  
  79  12:31  Void Ray  
  79  12:33  Probe (Chrono Boost)  
  84  12:42  Probe (Chrono Boost)  
  85  12:47  Probe (Chrono Boost)  
  86  12:53  Graviton Catapult  
  86  13:14  Void Ray  
  90  13:24  Stargate  
  90  13:27  Stargate  
Show
View Real Time Build Order
Export as new Build Order

Hercules Protoss 

Build Orders:  

Get SALT Encoding   

  12  0:09  Probe  
  13  0:16  Pylon  
  13  0:33  Probe  
  14  0:40  Gateway  
  14  0:41  Assimilator  
  14  0:46  Probe (Chrono Boost)  
  15  0:55  Probe (Chrono Boost)  
  16  1:05  Forge  
  16  1:07  Probe  
  17  1:24  Assimilator  
  17  1:42  Pylon, Probe  
  18  1:50  Cybernetics Core  
  18  1:54  Probe  
  19  2:06  Probe (Chrono Boost)  
  20  2:18  Probe (Chrono Boost)  
  20  2:20  Nexus  
  21  2:25  Probe (Chrono Boost)  
  22  2:33  Probe  
  22  2:34  Pylon  
  22  2:36  Stalker  
  25  2:48  Probe (Chrono Boost)  
  26  3:01  Probe (Chrono Boost)  
  26  3:04  Stargate  
  27  3:07  Probe (Chrono Boost)  
  27  3:08  Assimilator  
  28  3:15  Probe (Chrono Boost)  
  29  3:21  Pylon  
  29  3:26  Probe (Chrono Boost)  
  30  3:28  Stalker  
  30  3:30  Probe (Chrono Boost)  
  33  3:38  Probe  
  34  3:41  Probe  
  34  3:44  Assimilator  
  35  3:50  Probe  
  35  3:53  Probe, Void Ray  
  41  4:05  Probe  
  41  4:09  Stargate  
  42  4:12  Pylon  
  42  4:26  Probe  
  42  4:30  Probe  
  44  4:36  Void Ray  
  48  4:38  Probe  
  48  4:40  Protoss Shields Level 1  
  48  4:42  Probe  
  50  4:46  Protoss Air Weapons Level 1  
  50  5:01  Void Ray  
  54  5:22  Void Ray  
  58  5:48  Void Ray  
  62  5:53  Probe (Chrono Boost)  
  63  6:01  Stargate  
  64  6:04  Probe (Chrono Boost)  
  64  6:08  Pylon  
  64  6:09  Probe (Chrono Boost)  
  65  6:11  Pylon  
  65  6:13  Void Ray  
  69  6:20  Probe  
  70  6:32  Probe  
  71  6:40  Protoss Air Armor Level 1  
  71  6:43  Void Ray  
  75  6:54  Twilight Council  
  75  7:01  Fleet Beacon  
  75  7:47  Carrier  
  81  7:55  Pylon  
  81  7:57  Void Ray  
  85  8:11  Pylon  
  85  8:13  Carrier  
  85  8:15  Pylon  
  91  8:24  Photon Cannon  
  91  8:32  Robotics Facility  
  91  8:39  Carrier  
  97  9:13  Carrier  
  103  9:22  Protoss Shields Level 2  
  103  9:23  Nexus  
  103  9:38  Void Ray  
  107  9:55  Assimilator  
  107  10:05  Assimilator  
  107  10:32  Pylon  
  107  10:34  Pylon, Carrier  
  113  10:39  Pylon  
  113  10:42  Pylon  
  113  10:45  Pylon  
  113  10:48  Carrier  
  119  10:54  Pylon  
  119  10:56  Protoss Air Armor Level 2  
  99  11:44  Assimilator  
  99  11:46  Tempest  
  105  11:50  Nexus  
  103  12:16  Carrier x2  
  115  12:59  Void Ray  
  113  13:09  Probe  
  106  13:15  Probe  
  103  13:20  Probe  
  103  13:21  Probe  
  105  13:27  Probe  
  105  13:32  Probe  
  107  13:39  Probe  
  114  13:51  Probe  
Show
View Real Time Build Order
Export as new Build Order

Flagg Protoss 

Build Orders:  

Get SALT Encoding   

  12  0:06  Probe (Chrono Boost)  
  13  0:16  Probe (Chrono Boost)  
  13  0:21  Probe (Chrono Boost)  
  15  0:31  Pylon  
  15  0:37  Assimilator  
  15  0:49  Probe  
  16  1:01  Probe  
  17  1:08  Forge  
  17  1:13  Gateway  
  17  1:16  Probe (Chrono Boost)  
  18  1:23  Assimilator  
  19  1:26  Probe (Chrono Boost)  
  19  1:38  Pylon  
  19  1:42  Probe  
  20  1:54  Probe  
  20  1:59  Photon Cannon  
  20  2:00  Photon Cannon  
  21  2:04  Photon Cannon  
  21  2:13  Photon Cannon  
  21  2:20  Photon Cannon  
  21  2:45  Pylon  
  21  2:58  Nexus  
  21  3:08  Photon Cannon  
  21  3:20  Cybernetics Core  
  21  3:21  Probe  
  22  3:34  Probe (Chrono Boost)  
  23  3:46  Pylon  
  23  3:48  Zealot  
  25  4:06  Stargate  
  25  4:08  Protoss Shields Level 1  
  25  4:19  Gateway  
  25  4:22  Probe (Chrono Boost)  
  28  4:32  Probe (Chrono Boost)  
  28  4:33  Probe (Chrono Boost)  
  28  4:36  Assimilator  
  28  4:48  Stargate  
  28  4:58  Fleet Beacon  
  28  5:04  Probe  
  29  5:14  Void Ray  
  29  5:17  Probe  
  34  5:49  Assimilator  
  34  5:50  Probe (Chrono Boost)  
  34  5:56  Carrier (Chrono Boost)  
  35  6:01  Probe (Chrono Boost)  
  42  6:06  Void Ray  
  46  6:12  Protoss Air Armor Level 1  
  50  6:58  Void Ray (Chrono Boost)  
  50  7:02  Stargate  
  50  7:05  Graviton Catapult  
  48  7:58  Photon Cannon  
  48  8:03  Probe (Chrono Boost)  
  49  8:11  Carrier  
  56  8:13  Probe (Chrono Boost), Void Ray  
  60  8:25  Pylon  
  60  8:33  Probe (Chrono Boost)  
  61  8:42  Carrier  
  61  8:44  Probe (Chrono Boost)  
  61  8:46  Protoss Air Weapons Level 1  
  68  9:24  Pylon  
  68  9:28  Carrier (Chrono Boost)  
  66  10:05  Carrier (Chrono Boost)  
  66  10:25  Carrier (Chrono Boost)  
  64  10:43  Stargate  
  64  10:46  Pylon  
  58  12:12  Photon Cannon  
  58  12:16  Pylon  
  58  12:18  Probe  
  59  12:27  Carrier x2  
  59  12:28  Carrier  
  77  12:30  Probe  
  77  12:33  Carrier  
  84  12:42  Pylon  
Show
View Real Time Build Order
Export as new Build Order

occulum Protoss 

Build Orders:  

Get SALT Encoding   

  12  0:01  Probe (Chrono Boost)  
  13  0:11  Probe (Chrono Boost)  
  14  0:16  Probe (Chrono Boost)  
  15  0:35  Pylon  
  15  0:37  Assimilator  
  15  0:53  Probe  
  16  1:05  Probe  
  17  1:17  Probe  
  18  1:29  Probe  
  19  1:44  Probe  
  20  1:48  Gateway  
  20  1:54  Assimilator  
  20  1:56  Probe  
  21  2:13  Probe (Chrono Boost)  
  22  2:19  Nexus  
  22  2:22  Forge  
  23  2:23  Probe (Chrono Boost)  
  23  2:28  Gateway  
  23  2:29  Pylon  
  23  2:31  Pylon  
  23  2:45  Pylon  
  23  2:47  Probe  
  23  2:50  Pylon  
  23  2:51  Pylon  
  24  3:01  Pylon  
  24  3:03  Cybernetics Core  
  24  3:08  Photon Cannon  
  24  3:18  Photon Cannon  
  24  3:21  Probe (Chrono Boost)  
  25  3:29  Protoss Ground Weapons Level 1 (Chrono Boost)  
  25  3:31  Probe (Chrono Boost)  
  26  3:36  Probe (Chrono Boost)  
  27  3:42  Stalker  
  29  3:49  Stalker  
  32  3:55  Probe (Chrono Boost)  
  32  3:56  Probe (Chrono Boost)  
  33  4:07  Probe (Chrono Boost)  
  33  4:08  Probe (Chrono Boost)  
  35  4:11  Probe (Chrono Boost)  
  35  4:12  Stalker  
  38  4:19  Stalker  
  40  4:29  Probe  
  40  4:30  Probe  
  42  4:40  Photon Cannon  
  42  4:42  Stalker  
  44  4:45  Shield Battery  
  44  4:49  Stalker  
  46  4:54  Gateway  
  46  5:02  Probe  
  46  5:04  Probe  
  46  5:06  Protoss Ground Armor Level 1 (Chrono Boost)  
  48  5:10  Twilight Council  
  48  5:14  Stalker  
  50  5:28  Pylon  
  50  5:55  Stalker x3  
  56  6:02  Photon Cannon  
  56  6:08  Pylon  
  56  6:13  Pylon  
  52  6:25  Stalker x3  
  58  6:27  Photon Cannon  
  58  6:32  Photon Cannon  
  58  6:44  Photon Cannon  
  58  6:47  Photon Cannon  
  58  6:49  Photon Cannon  
  58  6:55  Stalker x3  
  62  7:24  Stalker  
  62  7:25  Stalker x2  
  68  7:54  Stalker  
  68  7:55  Stalker x2  
  74  8:00  Photon Cannon  
  74  8:02  Pylon  
  74  8:05  Pylon  
  74  8:07  Probe (Chrono Boost)  
  74  8:11  Assimilator  
  75  8:24  Stalker  
  75  8:25  Stalker x2  
  81  8:30  Gateway  
  81  8:33  Gateway x2  
  79  8:54  Stalker  
  81  9:03  Stalker x2  
  85  9:24  Stalker  
  87  9:33  Stalker x2  
  55  10:30  Blink  
  37  10:42  Stalker x6  
  48  10:51  Photon Cannon  
  43  11:12  Stalker x6  
  55  11:42  Stalker x4  
  55  11:43  Stalker  
  65  11:51  Probe (Chrono Boost)  
  66  12:00  Probe (Chrono Boost)  
  67  12:12  Stalker x2  
  71  12:50  Stalker x2  
  71  12:51  Stalker x4  
  71  13:26  Stalker x4  
  71  13:27  Stalker  
Tags
 
Add a new tag
Caveats
  • Supply blocks, unpowered buildings, or Contaminate may cause inaccurate times.
  • Supply counts are checked every 10 seconds.